 Dungeon Crawl Stone Soup version 0.29-a0-371-g91724d5b39 (webtiles) character file.

Game seed: 10245880790298667277

51 dracfodder the Skirmisher (level 3, 0/24 HPs)
             Began as a Gargoyle Berserker on May 2, 2022.
             Was a Believer of Trog.
             Slain by an iguana (9 damage)
             ... on level 2 of the Dungeon.
             The game lasted 00:03:15 (1144 turns).

dracfodder the Skirmisher (Gargoyle Berserker)      Turns: 1144, Time: 00:03:15

Health: 0/24       AC: 13    Str: 22    XL:     3   Next: 83%
Magic:  3/3        EV: 11    Int:  7    God:    Trog [**....]
Gold:   55         SH:  0    Dex:  9    Spells: 2/2 levels left

rFire   . . .      SeeInvis .   a - +1 hand axe
rCold   . . .      Faith    .   (no shield)
rNeg    + . .      Spirit   .   j - +0 ring mail
rPois   ∞          Reflect  .   c - +2 hat
rElec   +          Harm     .   e - +2 cloak
rCorr   .          Rampage  .   (no gloves)
Will    .....                   (no boots)
Stlth   ..........              (no amulet)
HPRegen 0.08/turn               (no ring)
MPRegen 0.08/turn               (no ring)

@: no status effects
A: sickness immunity, AC +3, negative energy resistance 1, electricity
resistance, torment resistance 1, petrification resistance
a: Renounce Religion, Berserk, Trog's Hand


You were on level 2 of the Dungeon.
You worshipped Trog.
Trog was pleased with you.
You visited 1 branch of the dungeon, and saw 2 of its levels.

You collected 55 gold pieces.

Inventory:

Hand Weapons
 a - a +1 hand axe (weapon)
 b - a +0 hunting sling
Armour
 c - a +2 hat (worn)
 e - a +2 cloak (worn)
 j - a +0 ring mail (worn)
Potions
 d - 2 potions of mutation {unknown}
 g - a potion of degeneration {unknown}
 h - a potion of lignification {unknown}
 k - a potion of brilliance {unknown}


   Skills:
 * Level 4.2 Fighting
 + Level 3.1 Axes
 + Level 2.3 Armour
 + Level 2.0 Dodging


You had 2 spell levels left.
You didn't know any spells.
Your spell library was empty.

Dungeon Overview and Level Annotations

Branches:
Dungeon (2/15)

Altars:


Innate Abilities, Weirdness & Mutations

You are immune to sickness and miasma.
Your stone body is resilient. (AC +3)
You are immune to poison.
You resist negative energy. (rN+)
You are resistant to electric shocks. (rElec)
You are resistant to unholy torment.
You are immune to petrification.


Message History

Things that are here:
a +0 dagger; 5 stones; a ball python corpse A bat comes into view.
You slash the bat!
You kill the bat!
Trog accepts your kill.
No target in view!
You open the door.
Found a stone staircase leading down.
There is an open door here.
f - a scroll labelled DYHOTW FAYM
As you read the scroll labelled DYHOTW FAYM, it crumbles to dust.
It is a scroll of enchant armour.
Your +1 hat glows green for a moment.
An iguana comes into view.
The iguana hisses angrily.
Found a scroll labelled LONOMUCKIN.
The iguana closely misses you.
You barely miss the iguana. The iguana barely misses you.
The iguana misses you.
You hit the iguana.
The iguana is heavily wounded.
The iguana bites you!
You hit the iguana but do no damage.
The iguana is heavily wounded.
The iguana bites you!
You are too injured to fight recklessly!
You are too injured to fight recklessly!
You are too injured to fight recklessly!
You are too injured to fight recklessly!
You are too injured to fight recklessly!
You are too injured to fight recklessly!
You are too injured to fight recklessly!
You closely miss the iguana.
The iguana is heavily wounded.
The iguana closely misses you.
You hit the iguana.
The iguana is heavily wounded.
The iguana bites you!
You die...

#...##.#.######
#...##........#
#........####.#
####..##.#
#..##.#
#..##.##
#......#
#.###..#
#@.##..# ##l#
..# ..# #.# .#
?# .. .


You could see an iguana.

Vanquished Creatures
  An adder (D:2)
  A dart slug (D:1)
  4 bats
  2 endoplasms (D:1)
  4 goblins (D:1)
  4 hobgoblins (D:1)
  2 jackals (D:1)
  4 kobolds
  6 quokkas
  3 ball pythons
  2 frilled lizards (D:1)
  4 rats (D:1)
37 creatures vanquished.

Notes
Turn   | Place    | Note
-------+----------+-------------------------------------------
     0 | D:1      | dracfodder the Gargoyle Berserker began the quest for the
                  | Orb.
     0 | D:1      | Reached XP level 1. HP: 14/14 MP: 1/1
   145 | D:1      | Reached XP level 2. HP: 16/20 MP: 2/2
   629 | D:1      | Reached skill level 4 in Fighting
   631 | D:1      | Reached XP level 3. HP: 15/24 MP: 3/3
   794 | D:1      | Reached ** piety under Trog
  1144 | D:2      | Slain by an iguana

Illustrated notes

Levels and vault maps discovered:
D:1:      wheals_arrival_shading, layout_rooms
D:2:      layout_basic, shapermc_ecumenical_altar_mp_urbaneastern, uniq_terence

Skill      XL: |  1  2  3 |
---------------+----------+-----
Fighting       | 4 |  4.2
Axes           | 3 |  3.1
Dodging        | 2 |  2.0
Armour         | |  2.3

Action                   || total
-------------------------++-------
Melee: Hand axe          ||   117
       Punch             ||     1
Invok: Berserk           ||     1
  Use: Scroll            ||     3
Armor: Animal skin       ||    50
       Ring mail         ||    10
Dodge: Dodged            ||    64

Table legend: (Time is in decaauts)
 A = Elapsed time spent in this place.
 B = Non-inter-level travel time spent in this place.
 C = Inter-level travel time spent in this place.
 D = Time resting spent in this place.
 E = Time spent auto-exploring this place.
 F = Levels seen in this place.
 G = Mean time per level.
                   A        B        C        D        E       F      G
               +--------+--------+--------+--------+--------+-----+--------+
         Total |   1172 |   1154 |     18 |    275 |    588 |   2 |  586.0 |
       Dungeon |   1172 |   1154 |     18 |    275 |    588 |   2 |  586.0 |
               +--------+--------+--------+--------+--------+-----+--------+

Top non-repeatable levels by time:
     D:1: 1055 daAuts
     D:2: 117 daAuts
